 Dungeon Crawl Stone Soup version 0.19.1-1-g22dce08 (console) character file.

13470 Kloppie the Severer (level 11, -7/148 HPs)
             Began as a Grey Draconian Berserker on Jan 21, 2017.
             Was a High Priest of Trog.
             Mangled by a lindwurm (8 damage)
             ... summoned by Kirke
             ... on level 11 of the Dungeon.
             The game lasted 00:16:35 (9064 turns).

Kloppie the Severer (Grey Draconian Berserker)      Turns: 9064, Time: 00:16:35

Health: -7/148     AC:  0    Str: 24    XL:     11   Next: 76%
Magic:  11/11      EV: 16    Int:  9    God:    Trog [*****.]
Gold:   493        SH:  0    Dex: 13    Spells: 0 memorised, 10 levels left

rFire  . . .     SeeInvis .     (weapon currently unavailable)
rCold  . . .     Gourm    .     (armour unavailable)
rNeg   . . .     Faith    .     (shield currently unavailable)
rPois  .         Spirit   .     (helmet currently unavailable)
rElec  .         Reflect  .     (cloak currently unavailable)
rCorr  .         Harm     .     (gloves currently unavailable)
MR     .....     Rnd*Tele +     (boots currently unavailable)
Stlth  ..........               j - amulet of regeneration
                                (ring currently unavailable)
                                (ring currently unavailable)

@: berserking (expiring), pig-form, slowed, very quick
A: (walk through water), unfitting armour, blurry vision 1, teleportitis 2, wild
magic 1, (unbreathing), (cold-blooded), AC +12
a: Berserk, Trog's Hand, Brothers in Arms, Burn Spellbooks, Renounce Religion


You were on level 11 of the Dungeon.
You worshipped Trog.
Trog was extremely pleased with you.
You were very hungry.
You were a filthy swine.
You visited 1 branch of the dungeon, and saw 12 of its levels.
You also visited: Ossuary and Ice Cave.

You collected 602 gold pieces.
You spent 109 gold pieces at shops.

Inventory:

Hand Weapons
 a - a +1 war axe (melded)
 t - a +2 hand axe of electrocution
 y - a +2 broad axe of freezing
 N - a +3 executioner's axe of distortion
Armour
 v - a +2 pair of gloves (melded)
 z - a +1 cloak (melded)
Jewellery
 c - the ring "Aleina" {Ice +Fly}
   (You found it on level 7 of the Dungeon)

   [ring of ice]

   It enhances your ice magic.
   It makes you vulnerable to fire.
   It protects you from cold.
   It lets you fly.
 j - an amulet of regeneration (around neck)
 l - a +6 ring of evasion (melded)
 p - an uncursed amulet of guardian spirit
 E - an uncursed ring of stealth
Wands
 G - a wand of iceblast (8/15)
 K - a wand of acid (15/15)
 L - a wand of lightning (8/15)
 P - a wand of disintegration (8/24)
Scrolls
 h - a scroll of fear
 o - 8 scrolls of identify
 q - a scroll of summoning
 r - 3 scrolls of teleportation
 s - a scroll of magic mapping
 w - 3 scrolls of recharging
 A - a scroll of enchant armour
 F - a scroll of remove curse
 H - 2 scrolls of enchant weapon
 I - a scroll of fog
Potions
 d - 8 potions of curing
 e - 2 potions of haste
 g - 3 potions of resistance
 i - 4 potions of brilliance
 k - 6 potions of agility
 m - 4 potions of magic
 u - 2 potions of heal wounds
 D - 2 potions of cancellation
 J - 2 potions of might
Books
 O - a book of Transfigurations

   Spells                             Type                      Level
   a - Irradiate                      Conjuration/Transmutation    5
   b - Statue Form                    Transmutation/Earth          6
   c - Hydra Form                     Transmutation                6
   d - Dragon Form                    Transmutation                7
   Trog disapproves of the use of such an item.
Miscellaneous
 B - a sack of spiders
Comestibles
 b - 10 bread rations
 f - 2 meat rations
 n - a slice of pizza
 x - 9 beef jerkies
 C - 11 chunks of flesh
 M - 6 fruits


   Skills:
 + Level 9.7 Fighting
 - Level 16.1 Axes
 - Level 4.2 Dodging


You had 10 spell levels left.
You didn't know any spells.

Dungeon Overview and Level Annotations

Branches:
Dungeon (12/15)            Temple (0/1) D:7            Lair (0/6) D:11
    Orc (0/2) D:9

Altars:
Ashenzari
Fedhas
Hepliaklqana
Makhleb
Nemelex Xobeh
Ru
Xom
Beogh

Shops:
D:5 }   D:6 ?

Annotations:
D:11 Kirke


Innate Abilities, Weirdness & Mutations

((You can walk through water.))
((Your dull iron-grey scales are very hard. (AC +12)))
You cannot fit into any form of body armour.
((You can survive without breathing.))
((You are cold-blooded and may be slowed by cold attacks.))
Scrolls take you a little longer to read.
You are sometimes teleported next to monsters.
Your spells are a little harder to cast, but a little more powerful.


Message History

* * * LOW HITPOINT WARNING * * *
The lindwurm completely misses you.
You hit Kirke.
Kirke is heavily wounded.
Kirke barely misses you. The lindwurm misses you. The lindwurm claws you.
* * * LOW HITPOINT WARNING * * *
The lindwurm barely misses you.
You barely miss Kirke.
Kirke is heavily wounded.
Kirke hits you!
* * * LOW HITPOINT WARNING * * *
The lindwurm closely misses you. The lindwurm misses you.
The lindwurm barely misses you. The manticore bites you!
* * * LOW HITPOINT WARNING * * *
The manticore completely misses you. The manticore misses you.
You hit Kirke.
Kirke is heavily wounded.
Kirke gestures at you while chanting.
You barely resist. The lindwurm barely misses you. The lindwurm claws you!
You die...

#...........# #....##
#########.### ###'##
#..# #.# ##.## ##.#
#..# ##..# #.## #..##
#######'## ###'#####
#....[...# #........
#.....hk.# #.).....<
#....@H..### #........
#........'.####......).
#........#....'........
#........######........
####'##### #........
#..# ###'#####
####.##### #.####
#........# #....#


You could see Kirke, a manticore and a lindwurm.

Vanquished Creatures
  Erica (D:9)
  The ghost of cba the Covert, a novice OpAs of Dithmenos (D:9)
  2 hill giants
  A necromancer (D:11)
  The ghost of fatfloppyjuicyveiny the Quickloader, a novice KoHu of Okawaru (D:6)
  2 ugly things (IceCv)
  A manticore (D:11)
  2 ice statues (IceCv)
  2 gargoyles (D:11)
  Psyche (D:9)
  2 trolls
  Grinder (D:4)
  A hippogriff (D:11)
  The ghost of fatfloppyjuicyveiny the Quickloader, an amateur KoHu (D:4)
  A wraith (D:11)
  Sigmund (D:5)
  A hog (D:11)
  Duvessa (D:6)
  A porcupine (D:11)
  3 sky beasts
  8 ice beasts
  4 orc warriors
  6 ogres
  3 phantoms
  A necrophage (D:7)
  2 centaurs (D:8)
  2 big kobolds (D:8)
  4 bullfrogs
  4 water moccasin zombies (Ossuary)
  3 scorpions
  A wyvern skeleton (D:10)
  Dowan (D:6)
  8 killer bees
  A howler monkey (D:5)
  7 wights (D:10)
  3 electric eels (D:9)
  A bullfrog zombie (D:7)
  5 crimson imps
  A centaur zombie (D:10)
  9 orc wizards
  3 hounds
  A jelly (D:6)
  10 orc priests
  A bullfrog skeleton (D:7)
  A centaur skeleton (D:10)
  2 iguanas (D:6)
  5 polar bear simulacra (D:11)
  2 yak simulacra (D:11)
  9 worker ants
  2 hell rats (D:11)
  A wolf simulacrum (D:11)
  2 big kobold zombies (Ossuary)
  2 hound zombies
  3 hound skeletons
  2 mummies (Ossuary)
  A worker ant zombie (D:11)
  13 gnolls
  12 adders
  A river rat (D:11)
  3 shadow imps
  12 white imps (D:11)
  4 oozes
  5 adder zombies (Ossuary)
  2 dart slugs
  6 leopard geckos
  68 orcs
  10 giant cockroaches
  3 gnoll zombies (Ossuary)
  19 goblins
  21 hobgoblins
  6 jackals
  20 kobolds
  6 quokkas
  A ball python (D:1)
  9 bats
  6 frilled lizards
  5 hobgoblin zombies (Ossuary)
  9 kobold zombies (Ossuary)
  7 orc zombies (Ossuary)
  10 rats
  3 river rat simulacra (D:11)
409 creatures vanquished.

Notes
Turn   | Place    | Note
-------+----------+-------------------------------------------
     0 | D:1      | Kloppie the Draconian Berserker began the quest for the Orb.
     0 | D:1      | Reached XP level 1. HP: 19/19 MP: 1/1
   110 | D:1      | Reached XP level 2. HP: 22/26 MP: 2/2
   299 | D:1      | Reached ** piety under Trog
   593 | D:1      | Reached XP level 3. HP: 33/33 MP: 3/3
  1053 | D:2      | Reached skill level 4 in Axes
  1337 | D:2      | Reached XP level 4. HP: 29/41 MP: 4/4
  1720 | D:2      | Reached *** piety under Trog
  1931 | D:3      | Reached XP level 5. HP: 39/47 MP: 5/5
  1933 | D:3      | Reached skill level 5 in Fighting
  2212 | D:3      | Found a faded altar of an unknown god.
  2392 | D:3      | Reached skill level 5 in Axes
  2569 | D:3      | Reached **** piety under Trog
  2616 | D:4      | Noticed Grinder
  2627 | D:4      | Noticed fatfloppyjuicyveiny's ghost (amateur KoHu)
  2636 | D:4      | Killed Grinder
  2636 | D:4      | Reached XP level 6. HP: 29/58 MP: 6/6
  2637 | D:4      | Killed fatfloppyjuicyveiny's ghost
  2637 | D:4      | Reached skill level 6 in Axes
  2637 | D:4      | Your scales start taking on a dull iron-grey colour.
  2637 | D:4      | Reached XP level 7. HP: 32/64 MP: 7/7
  2637 | D:4      | Gained mutation: You can survive without breathing. [Grey Draconian growth]
  2709 | D:4      | Found a sand-covered staircase.
  2714 | Ossuary  | Entered an ossuary
  3025 | Ossuary  | Reached skill level 7 in Axes
  3229 | D:4      | Reached XP level 8. HP: 74/74 MP: 8/8
  3537 | D:5      | Entered Level 5 of the Dungeon
  3623 | D:5      | Reached ***** piety under Trog
  3630 | D:5      | Reached skill level 8 in Axes
  3660 | D:5      | Found Zioss's Quality Used Wands.
  3837 | D:5      | Reached skill level 9 in Axes
  4019 | D:5      | Found a hazy altar of Hepliaklqana.
  4109 | D:5      | Found a burning altar of Makhleb.
  4113 | D:5      | Found a shimmering altar of Xom.
  4113 | D:5      | Found a sacrificial altar of Ru.
  4117 | D:5      | Found a shattered altar of Ashenzari.
  4266 | D:5      | Noticed Sigmund
  4269 | D:5      | Killed Sigmund
  4579 | D:5      | Gained mutation: You are occasionally teleported next to monsters. [potion of mutation]
  4579 | D:5      | Gained mutation: Scrolls take you a little longer to read. [potion of mutation]
  4579 | D:5      | Gained mutation: You have a pair of small antennae on your head. [potion of mutation]
  4581 | D:5      | Gained mutation: You are sometimes teleported next to monsters. [potion of mutation]
  4581 | D:5      | Lost mutation: You have a pair of small antennae on your head. [potion of mutation]
  4581 | D:5      | Gained mutation: Your spells are a little harder to cast, but a little more powerful. [potion of mutation]
  4614 | D:6      | Reached skill level 10 in Axes
  4681 | D:6      | Noticed Dowan
  4692 | D:6      | Killed Dowan
  4692 | D:6      | Reached XP level 9. HP: 81/81 MP: 9/9
  4693 | D:6      | Noticed Duvessa
  4707 | D:6      | Killed Duvessa
  4789 | D:6      | Found Polir's Magic Scroll Shoppe.
  4792 | D:6      | Bought a scroll of teleportation for 33 gold pieces
  4792 | D:6      | Bought a scroll of immolation for 38 gold pieces
  4792 | D:6      | Bought a scroll of magic mapping for 38 gold pieces
  4819 | D:6      | Noticed fatfloppyjuicyveiny's ghost (novice KoHu)
  4831 | D:6      | Killed fatfloppyjuicyveiny's ghost
  4831 | D:6      | Reached skill level 11 in Axes
  5084 | D:7      | Received a gift from Trog
  5176 | D:7      | Found a staircase to the Ecumenical Temple.
  5215 | D:7      | Got a translucent marble ring
  5236 | D:7      | Identified the ring "Aleina" {Ice +Fly} (You found it on level 7 of the Dungeon)
  5377 | D:7      | Reached skill level 12 in Axes
  5504 | D:7      | Found a sparkling altar of Nemelex Xobeh.
  5641 | D:8      | Found a blossoming altar of Fedhas.
  5958 | D:8      | Reached XP level 10. HP: 88/88 MP: 10/10
  6279 | D:9      | Noticed Psyche
  6289 | D:9      | Killed Psyche
  6309 | D:9      | Noticed cba's ghost (novice OpAs)
  6344 | D:9      | Killed cba's ghost
  6344 | D:9      | Reached skill level 13 in Axes
  6471 | D:9      | Found a roughly hewn altar of Beogh.
  6471 | D:9      | Found a staircase to the Orcish Mines.
  6484 | D:9      | Received a gift from Trog
  6524 | D:9      | Noticed Erica
  6536 | D:9      | Killed Erica
  6536 | D:9      | Reached skill level 14 in Axes
  6747 | D:9      | Noticed a hill giant
  6754 | D:9      | Killed a hill giant
  7115 | D:10     | Entered Level 10 of the Dungeon
  7262 | D:10     | Reached XP level 11. HP: 94/94 MP: 11/11
  7475 | D:10     | Noticed a hill giant
  7485 | D:10     | Killed a hill giant
  7485 | D:10     | Reached skill level 15 in Axes
  8050 | D:11     | Found a staircase to the Lair.
  8131 | D:11     | Found a frozen archway.
  8159 | IceCv    | Entered an ice cave
  8159 | IceCv    | Noticed a white ugly thing
  8169 | IceCv    | Killed a white ugly thing
  8223 | IceCv    | Noticed a white ugly thing
  8244 | IceCv    | Killed a white ugly thing
  8244 | IceCv    | Reached skill level 16 in Axes
  8675 | D:11     | Noticed a necromancer
  8684 | D:11     | Killed a necromancer
  8684 | D:11     | Received a gift from Trog
  9037 | D:12     | Noticed Kirke
  9060 | D:11     | Noticed a lindwurm
  9063 | D:11     | HP: 1/148 [manticore[Kirke] (16)]
  9064 | D:11     | Mangled by a lindwurm

Skill      XL: |  1  2  3  4  5  6  7  8  9 10 11 |
---------------+----------------------------------+-----
Fighting       | 4 6 7 8 9 |  9.7
Axes           | 4 5 6 7 10 12 14 16 | 16.1
Dodging        | 4 |  4.2

Action                   |  1- 3 |  4- 6 |  7- 9 | 10-12 || total
-------------------------+-------+-------+-------+-------++-------
Melee: Hand axe          |   119 |   104 |   364 |       ||   587
       Tailslap          |     8 |    12 |    60 |    70 ||   150
       War axe           |       |       |    57 |   446 ||   503
       Unarmed           |       |       |       |    13 ||    13
Invok: Berserk           |     1 |     2 |     1 |    10 ||    14
       Trog's Hand       |       |     1 |       |     3 ||     4
  Use: Scroll            |       |       |    20 |     6 ||    26
       Potion            |       |       |     7 |     2 ||     9
 Stab: Sleeping          |       |       |    15 |     3 ||    18
       Distracted        |       |       |       |     1 ||     1
  Eat: Chunk             |     2 |     6 |    13 |    10 ||    31
       Meat ration       |       |       |       |     2 ||     2
Armor: Skin              |    58 |    32 |    74 |   116 ||   280
Dodge: Dodged            |   120 |    63 |   256 |   343 ||   782
